 Dungeon Crawl Stone Soup version 0.26-a0-652-gafc20e3620 (webtiles) character file.

Game seed: 17690545813277595639

10370 DogServant the Destroyer (level 11, -7/64 HPs)
             Began as a Tengu Conjurer on Oct 3, 2020.
             Was an Elder of Vehumet.
             Engulfed by an ice statue's freezing vapour (24 damage)
             ... in an ice cave.
             The game lasted 00:32:03 (14988 turns).

DogServant the Destroyer (Tengu Conjurer)          Turns: 14988, Time: 00:32:03

Health: -7/64      AC:  8    Str:  8    XL:     11   Next: 61%
Magic:  19/19      EV: 19    Int: 20    God:    Vehumet [****..]
Gold:   847        SH:  0    Dex: 14    Spells: 4/19 levels left

rFire    . . .     SeeInvis .   A - +0 war axe (elec)
rCold    . . .     Faith    .   (no shield)
rNeg     . . .     Spirit   .   l - +0 acid dragon scales
rPois    .         Reflect  .   (helmet restricted)
rElec    .         Harm     .   (no cloak)
rCorr    +         Rampage  .   K - +0 pair of gloves
MR       .....                  (boots unavailable)
Stlth    ++........             E - amulet of regeneration
HPRegen  0.60/turn              s - ring of resist corrosion
MPRegen  0.16/turn              (no ring)

@: flying quickly and evasively, quick
A: beak, talons 3, able to fly
a: Stop Flying, Renounce Religion


You were in an ice cave.
You worshipped Vehumet.
Vehumet was greatly pleased with you.
You visited 2 branches of the dungeon, and saw 12 of its levels.
You also visited: Ice Cave.

You collected 847 gold pieces.

Inventory:

Hand Weapons
 A - a +0 war axe of electrocution (weapon)
 G - a +5 morningstar of freezing
Missiles
 b - 8 boomerangs of dispersal (quivered)
Armour
 l - +0 acid dragon scales (worn)
 C - a +2 robe of fire resistance
 K - a +0 pair of gloves (worn)
Jewellery
 s - a ring of resist corrosion (left hand)
 E - an amulet of regeneration (around neck)
Wands
 e - a wand of polymorph (9)
 g - a wand of enslavement (6)
 t - a wand of acid (21)
 y - a wand of flame (12)
 F - a wand of digging (3)
Scrolls
 c - 2 scrolls of blinking
 j - 3 scrolls of magic mapping {unknown}
 m - 2 scrolls of remove curse {unknown}
 o - 3 scrolls of teleportation {unknown}
 p - 3 scrolls of random uselessness {unknown}
 q - a scroll of acquirement {unknown}
 u - a scroll of immolation {unknown}
 v - 3 scrolls of fear {unknown}
 x - 5 scrolls of identify
 z - a scroll of enchant armour {unknown}
 B - a scroll of noise {unknown}
 D - 2 scrolls of holy word {unknown}
 J - a scroll of enchant weapon {unknown}
Potions
 a - 2 potions of resistance {unknown}
 d - a potion of lignification
 f - 4 potions of curing
 h - a potion of might
 i - a potion of haste
 k - 2 potions of invisibility
 n - a potion of mutation {unknown}
 H - a potion of degeneration {unknown}
 I - a potion of ambrosia


   Skills:
 + Level 5.8 Fighting
 - Level 4.2 Armour
 - Level 8.7 Dodging
 - Level 2.0 Stealth
 + Level 4.8 Spellcasting
 - Level 12.2 Conjurations
 + Level 7.2 Hexes
 + Level 1.1 Translocations
 + Level 4.2 Evocations


You had 4 spell levels left.
You knew the following spells:

 Your Spells              Type           Power        Failure   Level
a - Magic Dart            Conj           ####         1%          1
b - Searing Ray           Conj           ######       1%          2
c - Dazzling Flash        Conj/Hex       #####.       1%          3
d - Fulminant Prism       Conj/Hex       #####.....   1%          4
e - Shock                 Conj/Air       ####         1%          1
f - Iskenderun's Mystic   Conj/Tloc      ####....     3%          4

Your spell library contained the following spells:

 Spells                   Type           Power        Failure   Level
 Hailstorm                Conj/Ice       ####....     4%          4


Dungeon Overview and Level Annotations

Branches:
Dungeon (10/15)            Temple (0/1) D:6            Lair (2/6) D:9
 Shoals (0/4) Lair:2        IceCv (1/1)
  Snake: Lair:2-4    Spider: Lair:2-4       Orc: D:9-12

Altars:
Ashenzari
Cheibriados
Elyvilon
Fedhas
Hepliaklqana
Kikubaaqudgha
Makhleb
Okawaru
Trog
Vehumet
Xom
Yredelemnul

Portals:
Abyss: D:1***

Annotations:
D:3 Sigmund
D:10 Fannar, Nergalle, Urug IceCv exclusion: 2 ice statues


Innate Abilities, Weirdness & Mutations

You have a beak for a mouth.
You have claws for feet.
You can fly continuously.


Message History

The ice beast barely misses you.
You completely miss the ice statue.
You claw the ice statue, but do no damage.
You peck the ice statue, but do no damage.
The ice statue is moderately damaged.
You closely miss the ice beast. The ice statue gestures at you.
The ice beast completely misses you.
You hit the ice statue. You claw the ice statue.
The ice statue is moderately damaged.
You hit the ice beast.
Lightning courses through the ice beast!
You are engulfed in freezing vapours.
The ice beast completely misses you. The ice statue gestures at you.
The bolt of cold hits you! The ice beast completely misses you.
The ice beast closely misses you.
You are engulfed in freezing vapours.
* * * LOW HITPOINT WARNING * * *
You feel better.
You are engulfed in freezing vapours.
You die...

#### ##.#°### ####
##...§§☼8 #### ##..##
#..°○§☼§####..#####....##
#...°§○§○##....##.......#
#....§§§§...#.......∩.∩.#
#....§§§○.###..........#
#...○○°@### ##..##....##
#...°YY## ######..##
#.....○8# #### ##.....##
##....# ##..## ... .○.#
##.○


You could see 2 ice beasts.

Vanquished Creatures
  Harold (D:8)
  A cyclops (D:9)
  Maggie (D:6)
  2 cane toads (Lair:1)
  A troll (D:9)
  Prince Ribbit (D:7)
  4 hippogriffs
  5 blink frogs (Lair:1)
  3 wyverns
  A basilisk (Lair:1)
  5 yaks
  Grum (D:8)
  Duvessa (D:6)
  A water moccasin (Lair:1)
  2 porcupines (Lair:1)
  4 orc warriors (D:9)
  2 sky beasts (D:7)
  2 ice beasts
  3 black bears
  A phantom (D:4)
  An eye of draining (D:8)
  A necrophage (D:8)
  2 wolves (D:8)
  6 centaurs
  2 crocodiles
  3 bullfrogs
  Dowan (D:6)
  2 scorpions (D:9)
  A troll zombie (D:8)
  A howler monkey (D:4)
  12 wights (D:8)
  A quasit (D:7)
  3 bullfrog skeletons
  4 human zombies (D:8)
  4 orc priests
  4 hounds
  A centaur zombie (D:8)
  A bullfrog zombie (D:8)
  An iron imp (D:8)
  A jelly (D:6)
  5 orc wizards
  A centaur skeleton (D:7)
  A human skeleton (D:8)
  4 worker ants
  5 iguanas
  A hound zombie (D:6)
  4 hound skeletons
  A mummy (D:8)
  A worker ant zombie (D:6)
  14 adders
  16 gnolls
  A shadow imp (D:9)
  9 white imps
  4 ufetubi
  2 oozes (D:2)
  An adder skeleton (D:7)
  3 worms (D:2)
  3 dart slugs
  10 leopard geckos
  41 orcs
  13 bats
  5 giant cockroaches
  8 hobgoblins
  4 jackals (D:9)
  2 quokkas (D:9)
  2 ball pythons
  5 frilled lizards
  10 goblins
  A jackal skeleton (D:6)
  12 kobolds
  A leopard gecko zombie (D:7)
  2 orc zombies (D:8)
  5 rats
  3 fulminant prisms
294 creatures vanquished.

Vanquished Creatures (others)
  A worker ant (D:9)
  An ufetubus (IceCv)
  18 fulminant prisms
  21 fungi
  10 plants
51 creatures vanquished.

Grand Total: 345 creatures vanquished

Notes
Turn   | Place    | Note
-------+----------+-------------------------------------------
     0 | D:1      | DogServant the Tengu Conjurer began the quest for the Orb.
     0 | D:1      | Reached XP level 1. HP: 10/10 MP: 4/4
   310 | D:1      | Reached XP level 2. HP: 13/15 MP: 3/6
   678 | D:1      | Reached XP level 3. HP: 15/19 MP: 7/7
  1032 | D:2      | Found an iron altar of Okawaru.
  1090 | D:2      | Learned a level 2 spell: Searing Ray
  1094 | D:2      | Learned a level 3 spell: Dazzling Flash
  1130 | D:2      | Found a radiant altar of Vehumet.
  1141 | D:2      | Became a worshipper of Vehumet
  1288 | D:2      | Reached skill level 6 in Conjurations
  1288 | D:2      | Reached XP level 4. HP: 24/24 MP: 4/8
  1354 | D:2      | Found a basalt altar of Yredelemnul.
  1355 | D:2      | Found a hazy altar of Hepliaklqana.
  1428 | D:2      | Reached skill level 1 in Fighting
  1902 | D:2      | Reached skill level 1 in Hexes
  1906 | D:2      | Gained mutation: You can fly continuously. [Tengu growth]
  1906 | D:2      | Reached XP level 5. HP: 26/29 MP: 1/9
  3015 | D:3      | Noticed Sigmund
  3052 | D:4      | Noticed a phantom
  3075 | D:4      | Killed a phantom
  3075 | D:4      | Reached skill level 7 in Conjurations
  3075 | D:4      | Reached XP level 6. HP: 20/36 MP: 0/10
  3447 | D:4      | Learned a level 4 spell: Fulminant Prism
  3492 | D:4      | Reached * piety under Vehumet
  3492 | D:4      | Offered knowledge of Foxfire by Vehumet.
  3640 | D:4      | Found a white marble altar of Elyvilon.
  4277 | D:4      | Reached XP level 7. HP: 41/41 MP: 8/11
  4580 | D:4      | Found a bloodstained altar of Trog.
  4959 | D:5      | Entered Level 5 of the Dungeon
  5238 | D:5      | Reached skill level 8 in Conjurations
  5932 | D:6      | Found a staircase to the Ecumenical Temple.
  5936 | D:6      | Noticed Duvessa
  5936 | D:6      | Noticed Dowan
  5946 | D:6      | Killed Duvessa
  5946 | D:6      | Reached XP level 8. HP: 48/48 MP: 1/12
  5969 | D:6      | Killed Dowan
  6276 | D:6      | HP: 1/48 [orc priest/nerve-wracking pain (13)]
  6607 | D:6      | Reached skill level 9 in Conjurations
  7008 | D:6      | Found a blossoming altar of Fedhas.
  7088 | D:6      | Reached skill level 5 in Dodging
  7542 | D:6      | Noticed Maggie
  7706 | D:6      | Killed Maggie
  7706 | D:6      | Reached XP level 9. HP: 14/52 MP: 10/13
  7943 | D:6      | Found a broken altar of Ashenzari.
  8014 | D:7      | Reached skill level 10 in Conjurations
  8302 | D:7      | Offered knowledge of Shock by Vehumet.
  8309 | D:7      | Reached ** piety under Vehumet
  8399 | D:7      | Noticed Prince Ribbit
  8725 | D:7      | Reached skill level 5 in Hexes
  8728 | D:7      | Learned a level 1 spell: Shock
  8885 | D:7      | Killed Prince Ribbit
  9434 | D:8      | Reached skill level 11 in Conjurations
  9498 | D:8      | Found an ancient bone altar of Kikubaaqudgha.
 10302 | D:8      | Found a snail-covered altar of Cheibriados.
 10342 | D:8      | Noticed Grum
 10350 | D:8      | Reached XP level 10. HP: 42/56 MP: 11/14
 10353 | D:8      | Killed Grum
 10527 | D:8      | Found a burning altar of Makhleb.
 10532 | D:8      | Offered knowledge of Ignite Poison by Vehumet.
 10684 | D:8      | Noticed Harold
 10701 | D:8      | Killed Harold
 10701 | D:8      | Reached skill level 12 in Conjurations
 11246 | D:8      | Reached *** piety under Vehumet
 11564 | D:9      | Reached skill level 1 in Armour
 11564 | D:9      | Reached skill level 1 in Evocations
 11807 | D:9      | Noticed a cyclops
 11820 | D:9      | Killed a cyclops
 12331 | D:9      | Found a shimmering altar of Xom.
 12588 | D:9      | Offered knowledge of Static Discharge by Vehumet.
 12871 | D:9      | Found a staircase to the Lair.
 12922 | D:9      | Reached XP level 11. HP: 52/61 MP: 17/17
 13080 | D:9      | HP: 2/61 [orc warrior/+0 short sword (12)]
 13350 | D:9      | Reached **** piety under Vehumet
 13587 | D:10     | Entered Level 10 of the Dungeon
 13598 | D:10     | Reached skill level 5 in Fighting
 13752 | D:10     | Learned a level 4 spell: Iskenderun's Mystic Blast
 13819 | D:10     | Noticed Urug
 13970 | D:10     | Noticed Nergalle
 13970 | D:10     | Noticed Fannar
 13982 | D:10     | Noticed a deep elf mage
 14046 | Lair:1   | Entered Level 1 of the Lair of Beasts
 14270 | Lair:1   | Offered knowledge of Hailstorm by Vehumet.
 14776 | Lair:1   | Reached skill level 1 in Translocations
 14840 | Lair:1   | You are sucked into a shaft and drop 1 floor!
 14840 | Lair:2   | Found a frozen archway.
 14841 | Lair:2   | Found a staircase to the Shoals.
 14937 | IceCv    | Entered an ice cave
 14988 | IceCv    | Engulfed by an ice statue's freezing vapour

Illustrated notes

Levels and vault maps discovered:
D:1:      minmay_arrival_glassed_features, layout_basic, st_stairs_1
D:2:      minmay_recursive_quarters, layout_basic, vehumet_crystals,
          gammafunk_temple_overflow_pools, nicolae_overflow_crystal_walls,
          kennysheep_generic_room_6
D:3:      layout_rooms, grunt_gozag_breadcrumbs, serial_glass, glass_columns_a,
          glass_columns_c, glass_columns_b, glass_columns_b, glass_columns_a,
          glass_columns_c, glass_columns_c, glass_columns_a, item_on_display_a,
          item_on_display_a, minmay_strange_pillars, feat_on_display,
          uniq_sigmund
D:4:      layout_loops_ring, lightli_temple_of_fire, elyvilon_altar_5
D:5:      layout_rooms, minmay_lizard_king
D:6:      layout_basic, kennysheep_mini, lemuel_crystal_altar,
          minmay_temple_entry_antechambers, kennysheep_decorative_pillar,
          uniq_duvessa, uniq_maggie
D:7:      layout_rooms, uniq_prince_ribbit1
D:8:      layout_loops_corners, makhleb_blood_cavern_becter,
          lemuel_mausoleum_altar_kikubaaqudgha, slow_altar_1, uniq_grum,
          uniq_harold
D:9:      layout_roguey [special_room_orc], old_standard_altar,
          grunt_lair_entry_orc_guard_hut
D:10:     kennysheep_windowed_halls, layout_rooms, hiddenorc2_lemuel,
          uniq_maurice, uniq_nergalle, uniq_urug, uniq_fannar, uniq_josephine
Lair:1:   layout_regular_city
Lair:2:   layout_cellular_growth, minmay_shoals_entry_centaurs,
          portal_ice_cave_entry_pillars_1
IceCv:    ice_cave_small_demon

Skill      XL: |  1  2  3  4  5  6  7  8  9 10 11 |
---------------+----------------------------------+-----
Dodging        | 3 4 5 7 8 |  8.7
Conjurations   | 6 7 8 9 11 12 | 12.2
Fighting       | 1 2 3 4 5 |  5.8
Hexes          | 1 2 3 4 5 6 7 |  7.2
Armour         | 2 4 |  4.2
Evocations     | 2 4 |  4.2
Spellcasting   | 3 4 |  4.8
Translocations | 1 |  1.1
Stealth        | |  2.0

Action                   |  1- 3 |  4- 6 |  7- 9 | 10-12 || total
-------------------------+-------+-------+-------+-------++-------
Melee: Unarmed           |    27 |       |       |       ||    27
       Kick              |     5 |     8 |    34 |    37 ||    84
       Peck              |     4 |     6 |    24 |    23 ||    57
       Dagger            |       |    53 |   110 |       ||   163
       War axe           |       |       |    54 |   163 ||   217
 Cast: Magic Dart        |    64 |    36 |    42 |     7 ||   149
       Searing Ray       |       |    24 |    50 |    46 ||   120
       Dazzling Flash    |       |     3 |     9 |    11 ||    23
       Fulminant Prism   |       |       |    12 |     9 ||    21
       Iskenderun's Myst |       |       |       |     3 ||     3
 Abil: Fly               |       |     1 |       |       ||     1
Evoke: Wand              |       |       |       |     1 ||     1
  Use: Scroll            |       |     4 |     3 |     1 ||     8
       Potion            |       |     1 |    10 |     2 ||    13
 Stab: Sleeping          |       |     3 |     4 |     3 ||    10
       Invisible         |       |     4 |     2 |       ||     6
       Distracted        |       |       |     1 |       ||     1
Armor: Robe              |     4 |    12 |    19 |     1 ||    36
       Skin              |       |       |    25 |       ||    25
       Acid dragon scale |       |       |       |    65 ||    65
Dodge: Dodged            |    21 |    41 |   212 |   303 ||   577

Table legend: (Time is in decaauts)
 A = Elapsed time spent in this place.
 B = Non-inter-level travel time spent in this place.
 C = Inter-level travel time spent in this place.
 D = Time resting spent in this place.
 E = Time spent auto-exploring this place.
 F = Levels seen in this place.
 G = Mean time per level.
                   A        B        C        D        E       F      G
               +--------+--------+--------+--------+--------+-----+--------+
         Total |  14628 |  14317 |    311 |   5571 |   6568 |  13 | 1125.2 |
       Dungeon |  13711 |  13400 |    311 |   5353 |   6095 |  10 | 1371.1 |
          Lair |    854 |    854 |      0 |    218 |    469 |   2 |  427.0 |
      Ice Cave |     62 |     62 |      0 |      0 |      3 |   1 |   62.0 |
               +--------+--------+--------+--------+--------+-----+--------+

Top non-repeatable levels by time:
     D:8: 2347 daAuts
     D:6: 2012 daAuts
     D:9: 1999 daAuts
     D:4: 1847 daAuts
     D:2: 1678 daAuts
     D:7: 1266 daAuts
     D:1: 962 daAuts
     D:5: 922 daAuts
  Lair:1: 764 daAuts
     D:3: 379 daAuts
    D:10: 296 daAuts
  Lair:2: 90 daAuts
   IceCv: 62 daAuts
